[Event "Magistral Ciudad  Leon XXX"]
[Site "Leon"]
[Date "2017.07.07"]
[Round "1.2"]
[White "Jan-Krzysztof, Duda"]
[Black "Wesley, So"]
[Result "1/2-1/2"]
[ECO "C03"]
[WhiteElo "2707"]
[BlackElo "2810"]
[Annotator "ChessBase"]
[PlyCount "151"]
[EventDate "2017.??.??"]
[EventType "k.o."]
[EventCountry "ESP"]
[Source "ChessBase"]
[TimeControl "1200+10"]

1. e4 e6 2. d4 d5 3. Nd2 Be7 4. Bd3 c5 5. dxc5 Nf6 6. Ngf3 dxe4 7. Nxe4 Nxe4 8.
Bxe4 Qxd1+ 9. Kxd1 Bxc5 10. Be3 Bxe3 11. fxe3 {las blancas deciden jugar sólido en vista de la inesperada ventaja de que disfrutan en el marcador} Nd7
12. Nd2 Ke7 13. Ke2 Nc5 14. Bf3 Bd7 15. c4 a5 16. Ne4 Rac8 17. Rhc1 Na6 18. b3
b5 19. Nc3 b4 20. Bb7 bxc3 21. Bxa6 Rc7 22. a4 Bc6 23. g3 Rd8 24. Rxc3 Rcd7 25.
Rc2 Rd3 26. Bb5 Be4 27. Rb2 Rc3 28. c5 $1 Rxc5 29. Bc4 Rb8 30. Rd2 Rb4 31. Rd4
Bc2 32. Ra3 g5 33. Kd2 Bg6 34. Ra1 Rf5 35. Ke2 g4 36. Ra2 Rh5 37. Ke1 Re5 38.
Ke2 Be4 39. Rad2 Rb7 40. Bb5 Bf3+ 41. Kf2 Rh5 42. Ke1 Rc7 43. Rd7+ Rxd7 44.
Rxd7+ Kf6 45. Rd2 Re5 46. Kf2 Rf5 47. Ke1 h5 48. Rd4 Re5 49. Kd2 h4 50. gxh4
Rh5 51. Be2 e5 52. Rc4 Bxe2 53. Kxe2 Kf5 54. h3 gxh3 55. Kf3 Rh8 56. Kg3 Rb8
57. e4+ Kg6 58. Rc3 Rb4 59. Re3 f5 60. exf5+ Kxf5 61. Kxh3 Kf4 62. Rc3 e4 63.
Kg2 Rd4 64. Kf2 Rd2+ 65. Ke1 Rh2 66. Rc5 Kf3 67. Rf5+ Ke3 68. Kd1 Rd2+ 69. Kc1
Rd3 70. Kc2 Rd2+ 71. Kc3 Rd3+ 72. Kc4 Rd4+ 73. Kc3 Rd3+ 74. Kc4 Rd4+ 75. Kc3
Rd3+ 76. Kc4 1/2-1/2

[Event "Magistral Ciudad  Leon XXX"]
[Site "Leon"]
[Date "2017.07.07"]
[Round "1.3"]
[White "So, Wesley"]
[Black "Duda, Jan-Krzysztof"]
[Result "1-0"]
[ECO "A35"]
[WhiteElo "2810"]
[BlackElo "2707"]
[Annotator "ChessBase"]
[PlyCount "145"]
[EventDate "2017.??.??"]
[EventType "k.o."]
[EventCountry "ESP"]
[Source "ChessBase"]
[TimeControl "1200+10"]

1. Nf3 c5 2. c4 Nc6 3. Nc3 g6 4. e3 Nf6 5. d4 cxd4 6. exd4 d5 7. cxd5 Nxd5 8.
Qb3 Nxc3 9. Bc4 {Una suquencia conocida desde hace dÃ cadas que ha sido
considerada dudosa para las negras hasta hace muy poco, en la actualidad la
variante ha sido rehabilitada y apareca con cierta regularidad en la práctica
magistral} Nd5 10. Bxd5 e6 11. Bxc6+ bxc6 12. O-O Qd5 $1 13. Be3 Be7 {las
últimas jugadas de las negras son la manera moderna de interpretar esta
posición: ña dama centralizada en d5 y el alfil en e7 controlan casillas
muy importantes para la defensa de la posición negra} 14. Rfc1 f6 {otra de
las jugadas típicas del programa negro se controlan casillas centrales y se
habilita f7 para el rey.} 15. Nd2 Bd7 {Duda se aparta de la partida modelo
Giri-So en la que su rival de hoy conducía las piezas negras} ({La citada
partida continuó} 15... Kf7 16. Rc2 a5 17. Qc4 Bb7 18. Nb3 Ba6 19. Qxd5 cxd5
20. Nxa5 Bd3 21. Rc3 Bb5 22. Nb3 Bc4 23. Nc1 Rhc8 24. a3 e5 25. Nd3 Ke6 26.
Rac1 Rcb8 27. b4 Ra6 28. f4 Bxd3 29. Rxd3 Rba8 30. dxe5 fxe5 31. fxe5 Rxa3 32.
Rxa3 {1/2-1/2 (32) Giri,A (2771)-So,W (2812) Leuven 2017}) 16. Qc3 Kf7 {este
típo de posición es el que buscan ambos jugadores: las blancas mantienen
cierta ventaja gracias al espacio que concede su peón central, a partir de
aquí todo depende de si las blancas son capaces de lograr maniobrar con
acierto con su caballo forzando a cambiarlo popr el alfil de casillas negras y
despuÃ s intentar aprovechar la debilidad resultante de este cambio en las
casillas negras del bando negro.} 17. Nc4 ({Tras} 17. f3 $5 Rhb8 18. Ne4 a5 19.
Qd2 a4 20. Bf2 Kg7 21. Rc2 Qa5 22. Qf4 {Las blancas acabaron ganando en la
partida: Matlakov,M (2695)-Alekseev,E (2679) St Petersburg 2014}) 17... Rhb8
18. Bf4 Rb5 19. Rd1 Be8 20. b3 Rd8 21. Qe1 $5 {dejando paso al alfil hacia el
flanco de dama} Qd7 {Adelantandose a Ce3 y liberando la casilla d5 para la
torre} 22. Bd2 {el alfil se dirige en algunas variantes a la casilla a5} Rd5
23. Ba5 Rc8 24. Bc3 Kg7 (24... c5 $5 25. Ne3 $5 (25. dxc5 Bxc5 26. Rxd5 exd5
27. Rd1 Qe6 28. Ne3 Bxe3 29. fxe3 {parece igualar}) 25... Rxd4 $1 26. Bxd4 cxd4
27. Nc4 Kg7 {con compensación plena por la calidad}) 25. Ne3 Rb5 26. Rd3 g5
$5 {abriendo caminos para el afil de casillas blancas pero debilitando algo la
posición en el flanco de rey.} 27. Nc4 Rd5 28. Rad1 Bf7 29. h3 {La posició
+n debe estar equilibrada, la cuestión es para cual de los dos jugadores es
más difícil jugar en un eventual apuro de tiempo. Las blancas pueden
esperar el momento adecuado para emprender alguna acción} h5 30. Qe2 ({
contra} 30. h4 $5 {lomejor debe ser la crítica} gxh4 $5 31. f4 Bg6 32. Rh3
Bf5 33. Rxh4 Bg4 {con una posición muy tensa en la que las negras deben ser
muy precisas para no caer en una situación desesperada, por ejemplo:} 34.
Ne3 Bxd1 35. Qxd1 Rh8 $1 36. f5 Rxf5 37. Nxf5+ exf5 38. Rxh5 Rxh5 39. Qxh5 Qd5
{y las negras no tienen problemas}) 30... Re8 31. Ne3 Rb5 32. Nf1 $5 {el
caballo busca g3 y tal vez e4, Duda decide cambiarlo por su alfil} Bd6 $6 (
32... Rd5 33. Ng3 h4 34. Ne4 Bg6 {no era peligroso para el negro}) 33. Ng3 Bxg3
{sin embargo esto debilita bastante la posición negra que sufrirá mucho si
el blanco logra de alguna manera abrir el juego} 34. Rxg3 h4 {Intentando
dificultar la apertura del juego, pero las blancas tienen a su disposición
la ruptura g4} 35. Re3 Rd5 36. f4 $1 gxf4 37. Qg4+ Rg5 38. Qxf4 {las blancas
tienen ventaja} e5 39. Qxh4 Bd5 40. Rg3 {Las negras con muy poco tiempo en el
reloj entran en posición crítica} Rxg3 41. Qxg3+ Kf7 42. dxe5 $1 Rg8 43.
Qf3 $1 Ke8 ({es mejor pero a la larga desesperado} 43... Bxf3 44. Rxd7+ Ke8 45.
Rd2) 44. Qh5+ Kd8 45. Rd2 fxe5 46. Qxe5 Kc8 47. Kh2 $1 Kb7 48. Re2 Ka8 {la
opción más practica poner el rey a buen recaudo y esperar que un error de
So permita el milagro de la salvación} 49. Be1 Qh7 50. Bg3 Rh8 51. Qe7 Qf5
52. Rf2 Qh5 53. Rf8+ {lo más sencillo} Rxf8 54. Qxf8+ Kb7 55. Qb8+ Ka6 56. Bf2
Qf7 57. Qc8+ Kb5 58. Qb8+ Ka6 59. Bd4 $1 Qe7 ({si} 59... Bxg2 60. Bxa7 $1 {
fuerza el abandono}) 60. Bxa7 {Â!A pesar de todo! Wesley remata la partida
pasando a un final ganado} Qxa7 61. Qxa7+ Kxa7 62. h4 Kb6 63. h5 Kc5 64. Kg3
Kd6 65. h6 Bg8 66. Kf4 Ke6 67. Kg5 Bh7 68. b4 Kf7 69. a4 Be4 70. g4 Bc2 71. a5
Bd3 72. Kf4 Kg6 73. g5 {Y las negras abandonan.  Wesley So iguala el encuentro.
Buena partida del GM Filipino nacionalizado norteamericano que ha superado en
el juego de maniobra asu joven rival para rematar despuÃ s con el sacrificio
de una pieza pasando a un final en el que se ha impuesto con gran claridad.}
1-0

[Event "Magistral Ciudad  Leon XXX"]
[Site "Leon"]
[Date "2017.07.07"]
[Round "1.4"]
[White "Duda, Jan-Krzysztof"]
[Black "So, Wesley"]
[Result "0-1"]
[ECO "C00"]
[WhiteElo "2707"]
[BlackElo "2810"]
[Annotator "ChessBase"]
[PlyCount "80"]
[EventDate "2017.??.??"]
[EventType "k.o."]
[EventCountry "ESP"]
[Source "ChessBase"]
[TimeControl "1200+10"]

1. e4 e6 {Como en la segunda partida, Wesley So plantea la Defensa Francesa} 2.
d3 {Sien embargo Duda cambia y plantea el ataque Indio de rey que conduce a
posiciones inciertas y muy agudas.} d5 3. Nd2 Nf6 4. Ngf3 c5 5. g3 Nc6 6. Bg2
Be7 7. O-O O-O 8. Re1 b5 {una posición en la que las blancas han optado por
dor planes completamente distintos} 9. e5 {este avance es lo más agudo:las
blancas confían en sus posibilidades de ataque en el flanco de rey} (9. exd5)
9... Nd7 10. Nf1 a5 11. Bf4 ({en una partida en la que anterior So se
enfrentó con Ã xito a} 11. h4 b4 12. h5 a4 13. h6 g6 14. Bf4 a3 15. b3 Bb7
16. Qd2 Rc8 17. Rac1 Re8 18. N1h2 Qc7 19. Ng4 Nd4 20. Nxd4 cxd4 21. Bg5 Bf8 22.
Qf4 Qc3 23. Bf6 Qb2 24. Bg7 Be7 25. Bf6 Bf8 26. Bg7 Be7 27. Nf6+ Bxf6 28. exf6
Rxc2 29. Rxc2 Qxc2 30. Qxd4 Qc3 31. Qe3 d4 32. Qe2 Bxg2 33. Kxg2 Nc5 34. Qe5
Nxd3 35. Qb5 Nxe1+ 36. Kh3 Rc8 {0-1 (36) Giri,A (2785)-So,W (2815) chess.com
INT 2017}) 11... b4 12. h4 a4 13. N1h2 (13. a3 {es la respuesta clásica en
este tipo de posiciones}) 13... a3 14. b3 Bb7 15. Bh3 {Duda juega elige un
plan distinto al jugado por Giri, en lugar de avanzar rápidamente el peón
h prefiere atacar con las piezas menores} Rc8 16. Rc1 Re8 17. Ng5 $5 Bxg5 (
17... h6 $4 {se encuentra con} 18. Nxf7 $1 Kxf7 19. Qh5+ Kg8 20. Bxe6+ Kh7 21.
Bf5+ Kg8 22. Bxh6 {que destroza a las negras}) 18. hxg5 Nf8 {el caballo
defiende bien desde aquí a su rey el problema para el blanco es cómo
conseguir debilitar el enroque negro, porque el ataque por la columna h
paraece estar bien defendido por el caballo de f8. Una idea puede ser
sacrificar el caballo en f6 vía g4} 19. Qh5 Nd4 20. Bg2 (20. Ng4 $5 Ng6 (
20... Nf3+ 21. Kf1 Nxe1 22. Nf6+ Kh8 23. Qxf7 {da lugar a oscuras
complicaciones})) 20... Re7 {defiende el alfil de b7 oara jugar c4, pero la
torre es aquí una debilidad táctica debido al inminente sacrificio en f6}
21. Ng4 c4 $6 {So jugando con fuego provoca el sacrificio en f6} (21... Ng6)
22. Nf6+ $1 Kh8 (22... gxf6 23. exf6) 23. dxc4 $1 dxc4 24. Rcd1 $6 (24. Bxb7 $1
Rxb7 25. Rcd1 cxb3 26. cxb3 gxf6 (26... Qb6 27. Be3) 27. gxf6 Ng6 28. Be3 Rd7
29. Bxd4 Rxd4 30. Qh6 {ganando}) 24... cxb3 $6 (24... Bxg2 25. Kxg2 cxb3 26.
cxb3 Qb6 {la diferencia es que ahora contra} 27. Be3 Qb7+ {las negras se
desclavan con jaque}) 25. cxb3 $6 ({exigía un cálculo oreciso} 25. Bxb7 $1
bxc2 26. Bxc8 cxd1=Q 27. Rxd1 Qxc8 28. Rxd4 b3 29. axb3 Ra7 (29... a2 30. Ra4)
30. Ra4 Rxa4 31. bxa4 Qb7 (31... a2 32. Qxf7) 32. Be3 a2 33. Bd4 gxf6 34. gxf6
Qb1+ 35. Kh2 Qg6 36. Qe2 {y las negras están perdidas}) 25... Bxg2 26. Kxg2
Qb6 $1 {finalmente So encuentra la mejor defensa} 27. Re4 ({llevar el caballo
a d6 era aquí la la alternativa} 27. Ne4 $5 Nf5 28. Nd6 $1) 27... Nf5 28. Ng4
$4 ({Había que jugar sí o sí} 28. g4 $1 {confiando en el ataque al rey,
unica justificación de la estrategia blanca} Qb7 (28... Rc2 29. Rf1) 29. f3
Rc2+ 30. Kh3 $18) (28. Nxh7 $6 g6 $1 (28... Nxh7 $4 29. Rh1 $18) 29. Qh2 Nxh7
30. Rh1 f6 31. exf6 Rd7 {permite defenderse a las negras}) 28... Qb7 $1 29.
Rde1 Rc2 30. Qh1 Rxa2 {Ahora es Wesley el que ve coronada su estrategia por el
Ã xito} 31. Kh3 Rc2 32. Rd1 Rd7 33. f3 a2 {todo ha terminado} 34. Ne3 Nxe3 35.
Bxe3 Qa6 36. Rxb4 Rxd1 37. Qxd1 a1=Q 38. Rb8 Qf1+ 39. Kh4 Qh1+ 40. Kg4 h5+ {
Wesley So jugará el domingo la final ante el vencedor del encuentro entre
Anand y Jaime Santos} 0-1

[Event "Magistral Ciudad  Leon XXX"]
[Site "Leon"]
[Date "2017.07.08"]
[Round "1.4"]
[White "Santos Latasa, Jaime"]
[Black "Viswanathan, Anand"]
[Result "1/2-1/2"]
[WhiteElo "2542"]
[BlackElo "2783"]
[Annotator "ChessBase"]
[PlyCount "91"]
[EventDate "2017.??.??"]
[EventCountry "ESP"]
[Source "ChessBase"]
[TimeControl "1200+10"]

1. e4 c6 2. d4 d5 3. exd5 cxd5 4. Bd3 Nc6 5. c3 Qc7 {en esta posición que
se parece a un Gambito de Dama del cambio con los colores cambiados, las
negras se oponen al desarrollo normal del alfil de casilla negras a f4, al
mismo tiempo estperan a que las blancas jueguen î ..f3 para responder con î Pg4
} 6. Ne2 $5 {jugando contra el desarrollo del alfil de casillas blancas del
negro} ({Anand se enfrento a esta variante en Linares 1994 nada menos que
contra el comentarista de esta edición, el GM Miguel Illescas} 6. Bg5 Nf6 7.
Nd2 Bg4 8. Ngf3 e6 9. Bh4 Bd6 10. Bg3 Bh5 11. Bxd6 Qxd6 12. O-O O-O 13. Re1
Rab8 14. a4 Qc7 15. Qb1 a6 16. Ne5 Rfe8 17. h3 Bg6 18. Bxg6 hxg6 19. Qd3 Nxe5
20. dxe5 Nd7 21. Qd4 Rec8 22. Re3 Qb6 23. Qxb6 Nxb6 24. h4 Kf8 25. g3 Ke7 26.
b3 Rc7 27. a5 Nd7 28. c4 Rbc8 29. Kg2 Nb8 30. Ra4 Rd8 31. f4 Nc6 32. Rd3 Rcd7
33. c5 f6 34. Nf3 d4 35. exf6+ gxf6 36. Nd2 e5 37. Ne4 Rd5 38. fxe5 Rxe5 39.
Nd6 Rxc5 40. Nxb7 Rc2+ {0-1 (40) Illescas Cordoba,M (2590)-Anand,V (2715)
Linares 1994}) 6... Bg4 7. O-O e6 8. Qe1 $5 {preparandose para pasar la î B al
flanco de rey} Bd6 (8... Bxe2 9. Qxe2 Nf6 10. Nd2 $14) 9. f3 Bh5 10. Qh4 Nf6
11. Nf4 ({parece muy fuerte la directa} 11. Bg5 $5 Bg6 12. Bxg6 fxg6 13. Bxf6
gxf6 14. Qxf6 $16) 11... Bxf4 $1 12. Bxf4 Qe7 13. Bg5 ({El dilema es si
conformarse o no con mantener una ventaja pequeña pero estable con} 13. Nd2
O-O 14. Rae1 Bg6 15. Bxg6 fxg6 (15... hxg6 16. Bg5 $16) 16. Re2) 13... Bg6 14.
Bxg6 fxg6 15. Nd2 h6 16. Rae1 O-O 17. Bxf6 Rxf6 18. Qg3 ({Con} 18. f4 {las
blancas no llegan a atar a las negas porque despuÃ s de} Raf8 19. g3 g5 $1 20.
fxg5 Rxf1+ 21. Nxf1 hxg5 22. Qg4 e5 {el contrajuego parece suficiente pata la
igualdad}) 18... a5 19. Nb3 {el î .. se dirige a e5 vía d3} a4 20. Nc5 b6 21.
Nd3 g5 22. a3 (22. Re2 $5 ) 22... Na5 23. Ne5 Rc8 24. Qf2 $5 {
iniciando un reagrupamiento muy fuerte} ({Otro orden para el mismo plan es} 24.
Ng4 $5 Rg6 25. Qf2 Nc4 26. Qc2 Qe8 27. f4 $1 gxf4 28. Rxf4 {y
la torre de g6 está algo descolocada}) 24... Nc4 25. Nd3 Qc7 26. Qc2 Qc6 27.
Re2 Qd7 28. Rfe1 Re8 29. h3 Re7 30. Nf2 $5 Kh8 31. Ng4 Rf8 32. Ne5 {finalmente
Santos se decide por una posición con ventaja estable aunque dificil de
quebrar} Nxe5 33. Rxe5 Rf6 34. Qe2 Qc6 35. Qa6 Kg8 36. R1e3 Rd7 37. Qe2 Rd6 38.
Qf2 Qb5 39. Kh2 Kh8 40. Re2 Qe8 41. Qg3 Qd7 42. Qg4 Rf4 43. Qg3 Kg8 44. Qe1 Kf7
45. Qb1 Kg8 46. Qc2 {Tablas. el encuentro se decidirá en el desempate a
rápidas.} 1/2-1/2